 Dungeon Crawl Stone Soup version 0.30.1-3-gfc49f6343a (webtiles) character file.

Game seed: 8306549564936947594

55 Wiggles the Chopper (level 3, -1/31 HPs)
             Began as a Minotaur Berserker on Aug 7, 2023.
             Was a Believer of Trog.
             Succumbed to a kobold's poison
             ... on level 2 of the Dungeon.
             The game lasted 00:02:37 (1223 turns).

Wiggles the Chopper (Minotaur Berserker)            Turns: 1223, Time: 00:02:38

Health: -1/31      AC: 11    Str: 23    XL:     3   Next: 67%
Magic:  2/2        EV:  7    Int:  4    God:    Trog [**....]
Gold:   48         SH:  0    Dex:  9    Spells: 2/2 levels left

rFire   . . .        m - +0 battleaxe
rCold   . . .        (shield currently unavailable)
rNeg    . . .        i - +0 plate armour
rPois   .            (helmet restricted)
rElec   .            (no cloak)
rCorr   .            (no gloves)
SInv    .            (no boots)
Will    .....        (no amulet) Stlth
                     (no ring)
HPRegen 0.25/turn    (no ring)
MPRegen 0.08/turn

%: no passive effects
@: lethally poisoned (-1 -> -29)
A: horns 2, retaliatory headbutt
a: Renounce Religion, Berserk, Trog's Hand


You were on level 2 of the Dungeon.
You worshipped Trog.
Trog was pleased with you.
You visited 1 branch of the dungeon, and saw 2 of its levels.

You collected 48 gold pieces.

Inventory:

Hand Weapons
 m - a +0 battleaxe (weapon)
Armour
 i - a +0 plate armour (worn)
Scrolls
 b - a scroll of fog {unknown}
 c - a scroll of blinking {unknown}
 d - 2 scrolls of noise {unknown}
 h - 3 scrolls of identify {unknown}
 j - a scroll of enchant weapon {unknown}
 k - a scroll of magic mapping {unknown}
 l - a scroll of amnesia {unknown}
Potions
 e - a potion of curing {unknown}
 f - a potion of resistance {unknown}
 g - a potion of might {unknown}


   Skills:
 - Level 3.6 Fighting
 + Level 5.5 Axes
 - Level 2.4 Armour
 - Level 2.1 Dodging
 + Level 0.6 Stealth


You had 2 spell levels left.
You didn't know any spells.
Your spell library was empty.

Dungeon Overview and Level Annotations

Branches:
Dungeon (2/15)

Altars:


Innate Abilities, Weirdness & Mutations

You have a pair of horns on your head.
You reflexively headbutt those who attack you in melee.


Message History

You see here a frilled lizard skeleton.
Found a stone staircase leading down.
An endoplasm and a kobold come into view.
The kobold is wielding a +2 whip of venom.
The endoplasm quivers.
The endoplasm freezes you.
You are frozen.
You hit the endoplasm but do no damage.
You headbutt the endoplasm, but do no damage.
The endoplasm closely misses you.
You slice the endoplasm!!
You kill the endoplasm!
Trog accepts your kill.
You barely miss the kobold. The kobold hits you but does no damage.
You miss the kobold. Your headbutt misses the kobold.
The kobold hits you but does no damage.
You are poisoned.
A kobold is nearby!
You miss the kobold.
You feel very sick.
The kobold hits you with a +2 whip of venom.
The kobold hits you but does no damage.
You are more poisoned.
You closely miss the kobold.
You feel very sick.
The kobold hits you with a +2 whip of venom.
You are too injured to fight recklessly!
You feel very sick. The kobold hits you but does no damage.
You closely miss the kobold.
You feel very sick.
The kobold hits you with a +2 whip of venom.
* * * LOW HITPOINT WARNING * * *
You are more poisoned.
The kobold hits you but does no damage.
You are more poisoned.
You hit the kobold.
You kill the kobold!
Trog accepts your kill.
You die...

# ##########...#
#.##.# #
#......#######.##.# #
#.##.#.........##.# #
#.##.#########. # ###
#.##.## #
##.###.#...########.
#
##...##.##.##.>..K...
# ##.....#.##.##)###
###..(..........@..#
............#.##.#.#
###.........#.##.#.#
#.........#.##.#.#
###.....##.##.##.#..
#..........##.##.###
#.########.......#
.............. ###
#########


There were no monsters in sight!

Vanquished Creatures
  2 dart slugs (D:1)
  5 ball pythons
  4 bats
  7 endoplasms
  3 giant cockroaches
  3 goblins (D:1)
  7 hobgoblins
  2 quokkas (D:1)
  3 frilled lizards
  4 kobolds
  5 rats
45 creatures vanquished.

Notes
Turn   | Place    | Note
-------+----------+-------------------------------------------
     0 | D:1      | Wiggles the Minotaur Berserker began the quest for the Orb.
     0 | D:1      | Reached XP level 1. HP: 19/19 MP: 0/0
    88 | D:1      | Reached skill level 4 in Axes
    93 | D:1      | Reached XP level 2. HP: 14/26 MP: 1/1
   448 | D:1      | Reached ** piety under Trog
   523 | D:1      | Reached skill level 5 in Axes
   523 | D:1      | Reached XP level 3. HP: 20/31 MP: 2/2
  1223 | D:2      | Succumbed to a kobold's poison

Illustrated notes

Levels and vault maps discovered:
D:1:      lightli_arrival_maybe_door_vault, layout_basic,
          minmay_stone_trees_small, patterned_corridor
D:2:      layout_loops_ring, skrybe_limestone_x

Skill      XL: |  1  2 |
---------------+-------+-----
Axes           | 4 5 |  5.5
Fighting       | |  3.6
Armour         | |  2.4
Dodging        | |  2.1
Stealth        | |  0.6

Action                     || total
---------------------------++-------
  Melee: Hand axe          ||    62
         Headbutt          ||    10
         Battleaxe         ||    15
   Stab: Sleeping          ||     1
 Armour: Animal skin       ||     2
         Plate armour      ||    24
  Dodge: Dodged            ||    39
